 Dungeon Crawl Stone Soup version 0.26.1-11-gd32895ea62 (webtiles) character file.

Game seed: 11785866442866651112

11886 Zeld the Geomancer (level 11, -11/48 HPs)
             Began as a Gargoyle Earth Elementalist on Oct 1, 2021.
             Was an Initiate of Gozag.
             Hit by a javelin thrown by a minotaur (23 damage)
             ... in a Gauntlet.
             The game lasted 00:31:06 (25588 turns).

Zeld the Geomancer (Gargoyle Earth Elementalist)   Turns: 25588, Time: 00:31:06

Health: -11/48     AC: 14    Str: 14    XL:     11   Next: 84%
Magic:  21/23      EV: 14    Int: 20    God:    Gozag
Gold:   286        SH:  7    Dex: 10    Spells: 12/27 levels left

rFire    . . .     SeeInvis .   a - +3 short sword (vorpal)
rCold    + . .     Faith    .   s - +3 buckler
rNeg     + . .     Spirit   .   c - +0 robe
rPois    ∞         Reflect  .   y - +0 helmet
rElec    +         Harm     .   (no cloak)
rCorr    .         Rampage  .   w - +0 pair of gloves
Will     +....     NoTele   +   z - +0 pair of boots
Stlth    +++.......             (no amulet)
HPRegen  0.16/turn              r - ring "Icwegyam" {rC+ Will+ Str+3}
MPRegen  0.18/turn              n - ring of wizardry

@: no status effects
A: frail 1, negative energy resistance 1, electricity resistance, unbreathing,
petrification resistance, miasma immunity, AC +8
a: Renounce Religion, Potion Petition, Call Merchant, Bribe Branch


You were in a Gauntlet.
You worshipped Gozag.
Gozag was aware of your devotion.
You visited 2 branches of the dungeon, and saw 12 of its levels.
You also visited: Bailey and Gauntlet.

You collected 2033 gold pieces.
You spent 996 gold pieces at shops.
You paid 751 gold pieces to Gozag.

Inventory:

Hand Weapons
 a - a +3 vorpal short sword (weapon)
Missiles
 b - 200 stones (quivered)
Armour
 c - a +0 robe (worn)
 s - a +3 buckler (worn)
 w - a +0 pair of gloves (worn)
 y - a +0 helmet (worn)
 z - a +0 pair of boots (worn)
Jewellery
 h - the amulet of Lugonu's Hatred {Reflect Str+4 SH+5, unknown}
   (You found it in a Gauntlet)

   [amulet of reflection]

   It shields you and reflects attacks.
   It affects your strength (+4).
   It affects your SH (+5).
 j - an uncursed ring of magical power {unknown}
 n - a ring of wizardry (right hand)
 r - the ring "Icwegyam" (left hand) {rC+ Will+ Str+3}
   (You found it on level 8 of the Dungeon)

   [ring of willpower]

   It affects your strength (+3).
   It protects you from cold.
   It affects your willpower, your defense against some magical effects.
Wands
 i - a wand of iceblast (13)
 l - a wand of digging (7)
 A - a wand of flame (58)
Scrolls
 d - 10 scrolls of remove curse
 f - 9 scrolls of teleportation
 p - a scroll of magic mapping
Potions
 e - 6 potions of curing
 g - 10 potions of heal wounds
 k - a potion of invisibility
 m - 7 potions of haste
 o - 4 potions of magic
 q - 2 potions of ambrosia
 u - 2 potions of degeneration {unknown}
 v - a potion of flight {unknown}
 D - a potion of berserk rage {unknown}
 G - a potion of mutation {unknown}
 H - a potion of resistance {unknown}


   Skills:
 + Level 6.8 Armour
 + Level 5.4 Dodging
 + Level 7.8 Stealth
 - Level 4.0 Shields
 * Level 8.7 Spellcasting
 + Level 6.8 Conjurations
 - Level 1.0 Transmutations
 * Level 11.2 Earth Magic
 + Level 1.8 Evocations


You had 12 spell levels left.
You knew the following spells:

 Your Spells              Type           Power        Failure   Level
a - Sandblast             Erth           100%         1%          1
b - Passwall              Tmut/Erth      27%          1%          2
c - Stone Arrow           Conj/Erth      88%          1%          3
d - Petrify               Tmut/Erth      33%          2%          4
e - Lee's Rapid Deconstr  Erth           26%          1%          5

Your spell library contained the following spells:

 Spells                   Type           Power        Failure   Level
 Shock                    Conj/Air       88%          1%          1
 Beastly Appendage        Tmut           24%          2%          1
 Static Discharge         Conj/Air       22%          2%          3
 Wereblood                Tmut           12%          3%          2
 Swiftness                Air            8%           4%          2
 Spider Form              Tmut/Pois      5%           8%          3
 Irradiate                Conj/Tmut      12%          17%         5
 Lightning Bolt           Conj/Air       11%          21%         5
 Ice Form                 Ice/Tmut       10%          26%         4
 Airstrike                Air            4%           30%         4
 Blade Hands              Tmut           6%           47%         5
 Hydra Form               Tmut           6%           95%         6
 Dragon Form              Tmut           6%           100%        7
 Statue Form              Tmut/Erth      Unusable     N/A         6

Dungeon Overview and Level Annotations

Branches:
Dungeon (11/15)            Temple (1/1) D:6            Lair (0/6) D:8
    Orc (0/2) D:10         Bailey (visited)         Gauntlet (1/1)

Altars:
Ashenzari
Cheibriados
Dithmenos
Elyvilon
Fedhas
Gozag
Hepliaklqana
Kikubaaqudgha
Makhleb
Nemelex Xobeh
Okawaru
Qazlal
Ru
Sif Muna
Trog
Uskayaw
Vehumet
Wu Jian
Xom
Yredelemnul
Zin
The Shining One

Shops:
D:7 *[   D:10 }

Annotations:
D:8 PaiMei's ghost, novice DrCj
D:10 Fannar Gauntlet 4 transporters


Innate Abilities, Weirdness & Mutations

You are resistant to torment.
Your stone body is resilient. (AC +8)
You are immune to poison.
You resist negative energy. (rN+)
You are resistant to electric shocks. (rElec)
You can survive without breathing.
You are immune to petrification.
You are immune to miasma.
You are frail. (-10% HP)


Message History

A minotaur comes into view.
It is wielding a staff of poison and wearing a +3 ring mail of poison resistance.
Casting: Stone Arrow (safe; 1% risk of failure)
Confirm with . or Enter, or press ? or * to list all spells.
Aiming: Petrify (dangerous; 2% risk of failure)
Press: ? - help, Shift-Dir - straight line, f - minotaur
Aim: a minotaur, wielding a staff of poison, wearing a +3 ring mail of poison resistance and quivering 10 javelins (wandering, hasn't noticed you, chance to affect: 5%)
The minotaur bellows!
The minotaur resists with almost no effort.
The minotaur throws a javelin.
The javelin pierces through you!
Unknown command.
The minotaur throws a javelin.
The javelin pierces through you but does no damage.
You see here a javelin.
The minotaur throws a javelin.
The javelin pierces through you!!
* * * LOW HITPOINT WARNING * * *
You see here a javelin.
Okay, then.
The minotaur throws a javelin.
The javelin pierces through you!!
You die...
Your body crumbles into a pile of gold.

#.#####
#.....#
#######.#
#.H...#.#
#.###(#.#
#.#$#(#.#
#.# #(#.#
#.# #H#.#
#@# ..#.#
#.#####.#
#.......#
#########


You could see a minotaur.

Vanquished Creatures
  A two-headed ogre (D:10)
  An unseen horror (D:10)
  An ugly thing (D:11)
  A worldbinder (Gauntlet)
  An ice statue (Gauntlet)
  A rime drake (Gauntlet)
  A hornet (D:8)
  4 flying skulls (Gauntlet)
  A wyvern (D:9)
  6 yaks
  5 wraiths
  A chaos spawn (Gauntlet)
  A neqoxec (Gauntlet)
  Duvessa (D:6)
  11 ice beasts
  An eye of draining (D:8)
  4 orc warriors
  5 sky beasts
  3 phantoms
  A black bear (D:8)
  A hornet zombie (D:10)
  2 ogres
  A boggart (Gauntlet)
  2 centaurs
  3 big kobolds
  7 bullfrogs
  Dowan (D:6)
  A water moccasin zombie (D:6)
  A scorpion (D:9)
  6 killer bees (D:7)
  4 wights (D:7)
  A howler monkey (D:8)
  4 electric eels
  3 bullfrog zombies
  4 jellies
  2 quasits
  3 centaur skeletons
  6 hounds
  9 orc priests
  A bullfrog skeleton (D:10)
  7 orc wizards
  8 worker ants
  2 hound zombies
  2 worker ant zombies
  Robin (D:4)
  4 gnolls
  13 adders
  A shadow imp (D:8)
  4 white imps
  3 ufetubi
  2 oozes (D:3)
  3 adder skeletons
  2 worms
  3 dart slugs
  7 leopard geckos
  29 orcs
  7 ball pythons
  10 bats
  6 giant cockroaches
  28 goblins
  11 hobgoblins
  14 jackals
  10 quokkas
  8 frilled lizards
  23 kobolds
  2 leopard gecko zombies
  2 quokka skeletons
  A quokka zombie (D:5)
  11 rats
337 creatures vanquished.

Vanquished Creatures (others)
  2 howler monkeys (D:5)
  A leopard gecko (D:5)
  A quokka (D:5)
  A ball python (D:5)
  A frilled lizard (D:5)
  A fungus (D:1)
  5 withered plants (D:5)
12 creatures vanquished.

Grand Total: 349 creatures vanquished

Notes
Turn   | Place    | Note
-------+----------+-------------------------------------------
     0 | D:1      | Zeld the Gargoyle Earth Elementalist began the quest for
                  | the Orb.
     0 | D:1      | Reached XP level 1. HP: 10/10 MP: 3/3
   209 | D:1      | Reached XP level 2. HP: 13/15 MP: 0/5
   266 | D:1      | Learned a level 2 spell: Passwall
   328 | D:1      | Reached skill level 1 in Transmutations
   641 | D:1      | Reached skill level 4 in Earth Magic
   753 | D:1      | Reached XP level 3. HP: 19/19 MP: 3/6
   757 | D:1      | Learned a level 3 spell: Stone Arrow
  1791 | D:2      | Reached XP level 4. HP: 23/24 MP: 3/8
  2156 | D:2      | Reached skill level 1 in Armour
  2367 | D:2      | Reached skill level 1 in Conjurations
  2500 | D:2      | Reached XP level 5. HP: 28/28 MP: 6/9
  2775 | D:3      | Noticed an ice beast
  3731 | D:3      | Reached skill level 1 in Shields
  4178 | D:3      | Reached XP level 6. HP: 25/32 MP: 4/10
  4185 | D:3      | Learned a level 4 spell: Petrify
  4291 | D:3      | Found a bloodstained altar of Trog.
  5180 | D:4      | Reached skill level 5 in Earth Magic
  6539 | D:4      | Found a radiant altar of Vehumet.
  6863 | D:4      | Noticed Robin
  7158 | D:4      | Killed Robin
  7373 | D:5      | Entered Level 5 of the Dungeon
  8092 | D:5      | Reached XP level 7. HP: 36/36 MP: 9/12
  9699 | D:5      | Found a shimmering altar of Xom.
  9827 | D:6      | Reached XP level 8. HP: 41/41 MP: 11/14
  9833 | D:6      | Learned a level 5 spell: Lee's Rapid Deconstruction
  9901 | D:6      | Reached skill level 6 in Earth Magic
 10403 | D:6      | Noticed a yak
 10404 | D:6      | Noticed a yak
 10404 | D:6      | Noticed a yak
 10404 | D:6      | Noticed a yak
 10423 | D:6      | Noticed a yak
 10425 | D:6      | Noticed a yak
 10427 | D:6      | Killed a yak
 10460 | D:5      | Killed a yak
 10874 | D:5      | Killed a yak
 11127 | D:6      | Found a staircase to the Ecumenical Temple.
 11139 | D:6      | Reached skill level 5 in Spellcasting
 11142 | Temple   | Entered the Ecumenical Temple
 11224 | Temple   | Became a worshipper of Gozag Ym Sagoz the Greedy
 11542 | D:6      | Reached skill level 7 in Earth Magic
 11733 | D:6      | Reached XP level 9. HP: 45/45 MP: 6/16
 12346 | D:6      | Reached skill level 5 in Stealth
 12562 | D:7      | Found Hyorph's Armour Boutique.
 12797 | D:7      | Found a flagged portal.
 12814 | D:7      | Reached skill level 8 in Earth Magic
 12881 | Bailey   | Entered a bailey
 14186 | Bailey   | Noticed a kobold demonologist
 14191 | Bailey   | Noticed an orc high priest
 14707 | D:7      | Noticed Duvessa
 14707 | D:7      | Noticed Dowan
 15357 | D:6      | Killed Duvessa
 15358 | D:6      | Reached XP level 10. HP: 43/50 MP: 12/19
 15526 | D:6      | Killed Dowan
 15997 | D:7      | Bought a scroll of magic mapping for 70 gold pieces
 15997 | D:7      | Bought a fizzy red potion for 18 gold pieces
 15997 | D:7      | Bought a scroll of magic mapping for 70 gold pieces
 15997 | D:7      | Bought a scroll of remove curse for 60 gold pieces
 15997 | D:7      | Bought a ruby potion for 18 gold pieces
 16303 | D:7      | Reached skill level 5 in Armour
 16309 | D:7      | Reached skill level 5 in Conjurations
 16453 | D:7      | Reached skill level 9 in Earth Magic
 16549 | D:8      | Got a flickering granite ring
 17154 | D:8      | Found a staircase to the Lair.
 18913 | D:9      | Noticed PaiMei's ghost (novice DrCj)
 18923 | D:9      | Found a runed translucent door.
 19487 | D:9      | Noticed a frost giant
 20304 | D:10     | Entered Level 10 of the Dungeon
 20374 | D:10     | Reached skill level 10 in Earth Magic
 20583 | D:9      | Reached XP level 11. HP: 54/54 MP: 7/22
 20892 | D:10     | Reached skill level 5 in Dodging
 21327 | D:10     | Found the +5 scythe "Finisher" {speed, eviscerate}
 21667 | D:10     | Noticed Fannar
 21673 | D:10     | Identified the ring "Icwegyam" {rC+ Will+ Str+3} (You found
                  | it on level 8 of the Dungeon)
 21739 | D:10     | Found a staircase to the Orcish Mines.
 21857 | D:10     | Found Xukkip Suime's Gadget Shoppe.
 21905 | D:10     | Bought a wand of flame (24) for 169 gold pieces
 21905 | D:10     | Bought a wand of flame (19) for 136 gold pieces
 21905 | D:10     | Bought a wand of iceblast (7) for 143 gold pieces
 21905 | D:10     | Bought a wand of digging (3) for 182 gold pieces
 21905 | D:10     | Bought a wand of iceblast (6) for 130 gold pieces
 23155 | D:10     | Noticed a two-headed ogre
 23160 | D:10     | Killed a two-headed ogre
 23284 | D:10     | Killed an unseen horror
 23490 | D:11     | Noticed a cyan ugly thing
 23502 | D:11     | Killed a cyan ugly thing
 23503 | D:11     | Reached skill level 1 in Evocations
 23657 | D:11     | Found a gate leading to a gauntlet.
 23686 | Gauntlet | Entered a Gauntlet
 23686 | Gauntlet | Found a transporter.
 23686 | Gauntlet | Found a transporter.
 23686 | Gauntlet | Noticed a hell beast
 23687 | Gauntlet | Found a transporter.
 23687 | Gauntlet | Found a transporter.
 23690 | Gauntlet | Found a transporter.
 23692 | Gauntlet | Noticed an entropy weaver
 23693 | Gauntlet | Noticed a wolf spider
 23700 | Gauntlet | Found a transporter.
 23767 | Gauntlet | Found a transporter.
 23777 | Gauntlet | Found a transporter.
 23792 | Gauntlet | Found a transporter.
 23799 | Gauntlet | Noticed a worldbinder
 23804 | Gauntlet | Found a transporter.
 23817 | Gauntlet | Found a transporter.
 23823 | Gauntlet | Found a transporter.
 24431 | Gauntlet | Reached skill level 11 in Earth Magic
 25090 | Gauntlet | Got a twitching ivory amulet
 25234 | Gauntlet | Killed a worldbinder
 25410 | Gauntlet | Gained mutation: You are frail. (-10% HP) [a neqoxec]
 25577 | Gauntlet | Noticed a minotaur
 25588 | Gauntlet | Hit by a javelin thrown by a minotaur

Illustrated notes

Levels and vault maps discovered:
D:1:      wander_arrival_fairy_ring, layout_loops_corners,
          minmay_shallow_snake_nest
D:2:      layout_loops_cross
D:3:      layout_rooms, trog_three_pillars_becter
D:4:      kennysheep_goblin_castle, layout_layer_cave,
          lemuel_coloured_pillars_altar
D:5:      layout_loops_cross, serial_undead, serial_undead_f, serial_undead_e,
          serial_undead_c, serial_undead_f, minmay_misc_feat_encased,
          st_stairs_13, xom_confusion_cloud
D:6:      layout_basic, minmay_temple_entry_nine_rooms
D:7:      layout_rooms, enter_bailey_5, serial_shops, nicolae_shop_statue_plus,
          moated_statue, uniq_duvessa
D:8:      layout_basic, lair_entry_dummy
D:9:      minmay_twisted_water, layout_rooms, hellmonk_ghost_happy_afterlife
D:10:     layout_small_grid, orc_0_dummy, serial_shops, shop,
          minmay_guarded_unrand_finisher, uniq_fannar
D:11:     layout_rooms, portal_ice_cave_rime, gauntlet_entry_generic
Temple:   regret_index_temple_sigil_plot
Gauntlet: gammafunk_gauntlet_shortcut [nicolae_gauntlet_arena_quarters,
          gammafunk_gauntlet_arena_open, nicolae_gauntlet_arena_blocks,
          nicolae_gauntlet_arena_x, gammafunk_gauntlet_arena_crates,
          gammafunk_gauntlet_arena_teeth, gauntlet_exit_spiral]

Skill      XL: |  1  2  3  4  5  6  7  8  9 10 11 |
---------------+----------------------------------+-----
Transmutations | 1 |  1.0
Earth Magic    | 4 5 7 8 10 11 | 11.2
Armour         | 1 2 3 4 6 |  6.8
Dodging        | 2 3 4 5 |  5.4
Spellcasting   | 3 4 5 6 7 8 |  8.7
Conjurations   | 1 2 3 4 5 6 |  6.8
Stealth        | 3 4 5 6 7 |  7.8
Shields        | 1 2 3 4 |  4.0
Evocations     | 1 |  1.8

Action                   |  1- 3 |  4- 6 |  7- 9 | 10-12 || total
-------------------------+-------+-------+-------+-------++-------
Melee: Unarmed           |    20 |    15 |     2 |       ||    37
       Short sword       |       |       |   157 |   198 ||   355
 Cast: Sandblast         |    58 |   129 |   120 |    35 ||   342
       Stone Arrow       |       |       |    91 |   226 ||   317
       Lee's Rapid Decon |       |       |     1 |    18 ||    19
       Petrify           |       |       |       |     1 ||     1
Invok: Call Merchant     |       |       |       |     1 ||     1
Evoke: Wand              |       |       |     7 |     3 ||    10
  Use: Scroll            |       |       |    15 |    19 ||    34
 Stab: Distracted        |       |       |     1 |       ||     1
       Sleeping          |       |       |       |     1 ||     1
Armor: Robe              |    13 |    47 |   141 |   176 ||   377
Dodge: Dodged            |    39 |    90 |   207 |   227 ||   563
Block: Buckler           |       |       |    46 |   108 ||   154
